Map: Last Remnant

Players

Wagamuru

  • Race: Terran Terran
  • League: Silver
  • Spawn Location: 3:00

bluesmanBR

  • Race: Zerg Zerg
  • Spawn Location: 1:00

SirBizlow

  • Race: Protoss Protoss
  • Spawn Location: 12:00

sarrafoJoe

  • Race: Terran Terran
  • Spawn Location: 12:00

Infamous - Winner!

  • Race: Protoss Protoss
  • League: Gold
  • Spawn Location: 9:00

reapers - Winner!

  • Race: Protoss Protoss
  • Spawn Location: 6:00

AmpelNordo - Winner!

  • Race: Zerg Zerg
  • Spawn Location: 6:00

Hungrydog - Winner!

  • Race: Protoss Protoss
  • Spawn Location: 7:00

VOD

Have the link to the VOD?

Description

Time

  • Played on: April 23, 2018, 9:31 a.m.
  • Length: 17:10
Show
View Real Time Build Order
Export as new Build Order

Wagamuru Terran 

Build Orders: MMM Bio 

Get SALT Encoding   

  12  0:02  SCV  
  13  0:14  SCV  
  14  0:26  SCV  
  15  0:30  Supply Depot  
  15  0:45  Refinery  
  15  0:51  Refinery  
  15  0:52  SCV  
  15  0:54  Barracks  
  16  1:04  SCV  
  17  1:14  Barracks  
  17  1:27  Barracks  
  17  1:33  SCV  
  18  1:42  Marine, Supply Depot  
  19  2:00  Reaper  
  20  2:01  Marine  
  21  2:19  Marine  
  21  2:20  Marine  
  21  2:21  Engineering Bay  
  23  2:32  Marine  
  24  2:37  Marine  
  24  2:38  Marine  
  26  2:50  Terran Infantry Weapons Level 1  
  26  2:54  Supply Depot  
  26  2:55  Barracks Tech Lab  
  26  3:07  Barracks Reactor  
  26  3:10  SCV  
  27  3:16  Supply Depot  
  27  3:22  SCV  
  27  3:23  Barracks Tech Lab  
  28  3:34  SCV  
  29  3:46  SCV  
  30  3:56  Marine x2  
  30  3:58  SCV, Combat Shields, Marauder x2  
  30  4:00  Concussive Shells  
  37  4:11  Missile Turret  
  37  4:17  Factory  
  30  4:49  Marauder x2  
  30  4:50  Marine x2  
  36  4:54  Stimpack  
  36  5:07  Marine  
  36  5:08  Marine  
  36  5:12  SCV  
  36  5:13  Missile Turret  
  39  5:19  Hi-Sec Auto Tracking  
  39  5:22  Marine  
  40  5:32  Marauder  
  42  5:36  Missile Turret  
  42  5:57  Missile Turret  
  41  6:08  Factory Tech Lab  
  41  6:10  Marine x2  
  41  6:11  Marine x2  
  45  6:17  Terran Infantry Armor Level 1  
  45  6:22  Armory  
  45  6:29  Armory  
  45  6:34  Siege Tank  
  42  7:20  Terran Vehicle And Ship Armor Level 1, Terran Vehicle Weapons Level 1  
  31  7:37  Starport  
  31  7:44  Starport  
  31  7:48  Marauder  
  31  7:49  Marine x3  
  36  7:55  Orbital Command  
  36  8:07  Marine x3  
  39  8:29  Command Center, Starport Reactor  
  39  8:30  Starport Tech Lab  
  39  8:50  Missile Turret  
  39  8:52  Missile Turret, Marauder  
  41  9:00  Siege Tank  
  44  9:08  Marauder  
  46  9:14  Missile Turret  
  46  9:16  Missile Turret  
  42  9:49  SCV  
  43  9:53  Refinery  
  43  9:56  Refinery  
  43  10:02  SCV  
  44  10:10  Viking  
  44  10:11  Missile Turret  
  44  10:14  SCV  
  47  10:23  Marine  
  47  10:24  Marine x2  
  47  10:25  Marine  
  47  10:26  SCV  
  52  10:31  Missile Turret  
  49  10:38  SCV  
  49  10:41  Building Armor  
  50  10:47  Thor  
  56  10:54  SCV  
  57  11:05  Marauder x2  
  57  11:06  SCV  
  62  11:14  Viking  
  64  11:18  SCV  
  64  11:19  Terran Ship Weapons Level 1  
  64  11:25  Smart Servos  
  65  11:30  SCV  
  66  11:34  Viking  
  68  11:52  Orbital Command  
  68  12:44  Command Center  
  63  13:09  Marine x2, Marauder x2  
  56  13:14  Siege Tank  
  48  13:27  Marine x2  
  48  13:30  Marine  
  41  13:59  Marine x2  
  31  14:17  Marine  
  31  14:20  Marine  
Show
View Real Time Build Order
Export as new Build Order

bluesmanBR Zerg 

Build Orders: Pool First 

Get SALT Encoding   

  12  0:08  Drone x2  
  14  0:32  Spawning Pool  
  13  0:47  Evolution Chamber  
  12  0:59  Extractor  
  11  1:05  Extractor  
  10  1:24  Queen  
  12  1:45  Drone x2  
  14  1:47  Overlord  
  14  2:47  Roach Warren  
  13  2:53  Drone  
  13  2:54  Drone x5  
  19  3:24  Baneling Nest  
  18  4:02  Drone x4  
  22  4:06  Overlord x2  
  22  4:07  Overlord  
  22  4:59  Roach x2  
  28  5:00  Roach x4  
  28  5:01  Roach  
  36  5:29  Ravager  
  36  5:30  Ravager x5  
  36  5:31  Ravager  
  43  6:12  Drone x3  
  43  6:15  Overlord x3  
  46  7:37  Overlord  
  46  7:38  Overlord x4  
  46  8:00  Pneumatized Carapace  
  46  8:13  Zergling x6  
  46  8:14  Zergling x4  
  51  8:36  Baneling x2  
  51  8:37  Baneling x4  
  51  8:38  Baneling x4  
  51  8:44  Zergling x4  
  51  8:45  Zergling x6  
  56  9:01  Roach  
  58  9:14  Baneling x2  
  58  9:15  Baneling x5  
  58  9:16  Baneling x3  
  58  9:47  Ravager  
  59  10:26  Hatchery  
  24  10:56  Roach x3  
  24  10:57  Roach x5  
  34  10:58  Roach x4  
  48  11:35  Overlord x5  
  48  11:36  Overlord  
  48  12:04  Ravager  
  48  12:05  Ravager x6  
  48  12:06  Ravager x3  
  48  12:07  Ravager x2  
  60  12:11  Roach x2  
  60  12:12  Roach x2  
  68  12:33  Zergling x6  
  71  12:38  Ravager x3  
  71  12:39  Ravager  
  75  12:55  Baneling x3  
  75  12:56  Baneling x3  
  27  13:59  Roach x4  
  27  14:00  Roach x4  
  27  14:01  Roach x3  
  45  14:30  Ravager  
  47  14:31  Ravager x2  
  47  14:32  Ravager x4  
  47  14:33  Ravager x2  
  47  14:34  Ravager x2  
  23  15:35  Roach x5  
  33  15:36  Roach x4  
Show
View Real Time Build Order
Export as new Build Order

SirBizlow Protoss 

Build Orders:  

Get SALT Encoding   

  12  0:01  Probe  
  13  0:10  Probe  
  14  0:19  Pylon  
  14  0:23  Probe  
  15  0:38  Forge  
  15  0:41  Probe  
  16  0:53  Gateway  
  16  1:05  Assimilator  
  16  1:12  Probe  
  16  1:13  Photon Cannon  
  17  1:20  Probe  
  18  1:30  Probe  
  19  1:33  Assimilator  
  19  1:42  Probe  
  19  1:45  Cybernetics Core  
  20  1:54  Probe  
  20  1:56  Pylon  
  21  2:06  Probe  
  22  2:12  Warp Gate  
  22  2:16  Photon Cannon  
  22  2:23  Stalker  
  22  2:28  Protoss Ground Weapons Level 1  
  24  2:35  Gateway  
  24  2:47  Probe  
  25  2:58  Stalker  
  27  3:16  Nexus  
  27  3:21  Probe  
  28  3:30  Probe  
  29  3:39  Probe  
  29  3:40  Gateway  
  30  3:51  Probe  
  31  3:57  Pylon  
  31  4:03  Pylon  
  31  4:13  Pylon  
  31  4:15  Probe  
  32  4:27  Probe  
  27  4:33  Stalker x2  
  27  4:35  Probe  
  32  4:47  Pylon  
  32  4:50  Pylon  
  32  4:54  Pylon  
  32  4:56  Pylon  
  32  5:08  Probe  
  33  5:16  Probe  
  33  5:19  Assimilator  
  34  5:23  Assimilator  
  34  5:26  Probe, Photon Cannon  
  35  5:29  Photon Cannon  
  35  5:37  Photon Cannon  
  35  5:38  Probe  
  35  5:40  Probe  
  36  5:42  Photon Cannon  
  36  5:48  Probe  
  37  5:52  Stalker x2  
  42  6:01  Stalker  
  44  6:08  Probe  
  44  6:11  Protoss Ground Armor Level 1  
  44  6:17  Probe, Gateway  
  45  6:19  Gateway  
  45  6:25  Probe  
  47  6:26  Probe  
  48  6:37  Probe  
  48  6:38  Probe  
  50  6:46  Stalker x2  
  53  6:47  Stalker  
  53  6:49  Probe  
  56  7:07  Probe  
  56  7:15  Probe, Stalker x4  
  63  7:16  Stalker  
  63  7:21  Forge  
  68  7:25  Probe  
  69  7:39  Stalker x2  
  69  7:40  Stalker x3  
  79  7:48  Twilight Council  
  79  8:04  Stalker x5  
  89  8:29  Stalker  
  89  8:30  Stalker x4  
  89  8:34  Protoss Ground Armor Level 2  
  99  8:35  Protoss Shields Level 1  
  99  8:48  Nexus  
  99  8:52  Pylon  
  99  8:54  Pylon  
  97  9:53  Photon Cannon  
  97  9:55  Photon Cannon  
  97  9:59  Photon Cannon  
  97  10:03  Pylon  
  97  10:04  Stalker x2  
  97  10:05  Stalker x3  
  107  10:13  Blink  
  107  10:20  Dark Shrine  
  107  10:25  Robotics Facility x2  
  107  10:29  Protoss Ground Weapons Level 2  
  107  10:30  Stalker  
  107  10:31  Stalker x3  
  89  11:04  Stalker x5  
  89  11:08  Protoss Ground Armor Level 3  
  99  11:15  Gateway  
  99  11:20  Gateway  
  99  11:24  Probe  
  99  11:32  Probe  
  100  11:35  Observer x2  
  103  11:43  Probe  
  104  11:48  Dark Templar x2  
  104  11:52  Dark Templar  
  110  11:55  Probe  
  110  11:56  Dark Templar  
  110  12:00  Assimilator  
  113  12:02  Dark Templar  
  113  12:03  Assimilator  
  113  12:07  Probe  
  116  12:25  Dark Templar x3  
  122  12:48  Dark Templar x2  
  122  12:50  Zealot x2  
  46  13:06  Charge  
  46  13:08  Observer x2  
  46  13:12  Zealot x5  
  51  13:26  Zealot x2  
  43  13:42  Dark Templar x3  
Show
View Real Time Build Order
Export as new Build Order

sarrafoJoe Terran 

Build Orders:  

Get SALT Encoding   

  12  0:02  SCV  
  13  0:14  SCV  
  13  0:20  Supply Depot  
  14  0:26  SCV  
  15  0:42  SCV  
  16  0:43  Barracks  
  16  0:56  SCV  
  17  1:04  Refinery  
  17  1:08  SCV  
  18  1:13  Barracks  
  18  1:20  SCV  
  19  1:28  Barracks  
  19  1:32  SCV  
  20  1:44  SCV  
  21  1:49  Barracks Tech Lab  
  21  1:50  Supply Depot  
  21  1:56  SCV  
  22  2:01  Barracks Tech Lab  
  22  2:02  Supply Depot  
  22  2:11  Marauder  
  24  2:19  Supply Depot, Barracks Tech Lab  
  24  2:22  Marauder  
  26  2:29  Orbital Command  
  26  2:40  Marauder  
  26  2:43  Marauder  
  30  2:55  SCV  
  31  3:02  Marauder x2  
  33  3:23  Marauder  
  33  3:24  Marauder x2  
  39  3:39  Supply Depot  
  39  3:40  Supply Depot  
  39  3:45  Marauder x2  
  43  3:59  Marauder  
  45  4:09  Engineering Bay  
  45  4:12  Engineering Bay  
  23  5:11  Marauder x3  
  27  5:16  Terran Infantry Weapons Level 1  
  27  5:29  Command Center  
  27  5:34  Refinery  
  20  5:59  Refinery  
  20  6:00  Missile Turret x2  
  20  6:02  Missile Turret  
  20  6:05  Missile Turret  
  20  6:06  Missile Turret  
  20  6:35  Terran Infantry Armor Level 1  
  11  7:08  SCV  
  12  7:20  SCV  
  13  7:24  SCV  
  14  7:32  SCV  
  14  7:36  SCV  
  16  7:44  SCV  
  16  7:48  SCV  
  16  7:50  Marauder  
  20  7:54  Marauder  
  20  7:56  SCV  
  23  8:09  SCV  
  24  8:21  SCV  
  24  8:26  Marauder x3  
  31  8:33  SCV  
  32  8:39  SCV  
  33  8:46  SCV  
  33  8:47  Marauder x2  
  40  8:51  SCV  
  39  8:58  SCV  
  40  9:03  SCV  
  40  9:05  Barracks Reactor  
  41  9:10  SCV  
  41  9:15  SCV  
  43  9:22  SCV  
  44  9:30  Orbital Command  
  44  9:34  SCV  
  45  9:41  Refinery  
  45  9:46  SCV  
  45  9:50  Marine  
  45  9:51  Marine  
  48  9:59  SCV  
  49  10:08  Marine  
  49  10:09  Marine  
  49  10:11  SCV  
  52  10:21  Stimpack  
  52  10:22  Combat Shields  
  52  10:23  SCV  
  52  10:26  Marine x2  
  55  10:35  Factory, SCV  
  56  10:44  Marine x2  
  56  10:47  SCV  
  59  10:58  SCV  
  59  11:02  Marine x2  
  62  11:10  SCV  
  62  11:11  Missile Turret  
  63  11:22  SCV  
  64  11:27  Starport  
  64  11:34  SCV  
  64  11:35  Missile Turret  
  64  11:38  Armory  
  65  11:47  SCV  
  66  11:52  SCV  
  67  11:59  SCV  
  68  12:04  SCV  
  69  12:11  SCV  
  70  12:16  SCV  
  71  12:23  SCV  
  71  12:27  Factory Reactor  
  71  12:28  SCV  
  71  12:29  Starport  
  73  12:35  SCV  
  74  12:39  Marine  
  74  12:40  Marine x2, SCV  
  78  12:52  Marine  
  78  12:56  Terran Infantry Weapons Level 2  
  78  12:57  Marine  
  78  12:58  Marine x2, Terran Infantry Armor Level 2  
  82  13:10  Marine  
  83  13:15  Marine x3  
  86  13:28  Marine  
  86  13:33  Marine x3  
  59  13:46  Marine  
  58  13:52  Marauder  
  60  13:59  Hellion  
  60  14:00  Hellion  
  64  14:04  Marauder  
  64  14:09  Banshee  
  69  14:13  Marauder  
  71  14:21  Hellion x2  
  75  14:25  Marauder  
  76  14:34  Marauder  
  78  14:42  Hellion  
  78  14:43  Hellion  
  61  14:47  Marauder  
  51  15:03  Hellion  
Show
View Real Time Build Order
Export as new Build Order

Infamous Protoss - Winner!

Build Orders: 1 Gate Expand, Oracle Opening 

Get SALT Encoding   

  12  0:01  Probe  
  13  0:14  Pylon  
  13  0:18  Probe  
  14  0:26  Probe  
  15  0:36  Gateway  
  15  0:40  Probe  
  16  0:54  Assimilator  
  16  0:56  Probe  
  17  1:06  Probe  
  18  1:15  Probe  
  19  1:32  Nexus  
  19  1:49  Probe  
  19  1:50  Cybernetics Core  
  20  2:01  Assimilator  
  20  2:06  Probe, Pylon  
  21  2:18  Stalker  
  21  2:19  Warp Gate  
  21  2:23  Probe  
  24  2:38  Probe  
  24  2:43  Stargate  
  25  2:44  Probe  
  25  2:50  Probe  
  27  2:54  Stalker  
  27  2:56  Probe  
  28  3:02  Probe  
  31  3:08  Probe  
  32  3:28  Oracle  
  35  3:36  Probe  
  36  3:45  Pylon, Probe  
  37  3:54  Probe  
  37  3:56  Twilight Council  
  38  4:03  Oracle  
  38  4:14  Gateway  
  38  4:17  Gateway  
  41  4:47  Blink  
  41  4:59  Probe x2, Pylon  
  43  5:01  Oracle  
  46  5:13  Stalker  
  48  5:39  Probe  
  48  5:40  Stalker x2  
  48  5:41  Stalker  
  55  5:58  Probe  
  55  5:59  Probe  
  57  6:11  Assimilator  
  57  6:13  Probe x2  
  57  6:14  Assimilator  
  57  6:15  Oracle  
  62  6:30  Pylon  
  62  6:34  Pylon  
  53  7:10  Stalker x3  
  53  7:14  Probe x2  
  61  7:23  Forge  
  61  7:24  Forge  
  61  7:26  Probe  
  62  7:40  Robotics Facility, Void Ray  
  66  7:44  Robotics Facility  
  66  7:45  Protoss Air Armor Level 1  
  66  7:51  Stalker x3  
  68  7:58  Protoss Ground Weapons Level 1, Protoss Ground Armor Level 1  
  72  8:17  Shield Battery  
  72  8:18  Gateway  
  72  8:19  Gateway, Photon Cannon  
  72  8:22  Shield Battery  
  72  8:23  Gateway  
  72  8:24  Photon Cannon  
  72  8:25  Immortal  
  72  8:26  Pylon  
  72  8:31  Probe x2  
  74  8:34  Pylon  
  74  8:38  Immortal  
  82  8:55  Templar Archives  
  82  9:02  Stalker  
  84  9:03  Stalker x2  
  84  9:04  Immortal  
  92  9:32  Psionic Storm  
  92  10:20  Pylon  
  92  10:23  Pylon  
  92  10:25  Nexus  
  92  10:27  Void Ray  
  92  10:28  Pylon  
  94  10:29  Pylon  
  94  10:32  Pylon, Immortal  
  92  10:36  Pylon, Immortal  
  92  10:37  Pylon  
  96  10:56  Stalker  
  95  10:57  Stalker x5  
  95  11:01  Immortal  
  105  11:05  Protoss Ground Weapons Level 2  
  105  11:06  Protoss Ground Armor Level 2  
  105  11:07  Void Ray  
  113  11:25  High Templar  
  115  11:31  Probe  
  115  11:32  Probe  
  117  11:34  Assimilator  
  117  11:38  Assimilator  
  117  11:40  Photon Cannon  
  117  11:41  Photon Cannon  
  117  11:43  Photon Cannon  
  117  11:44  Probe  
  117  11:45  Photon Cannon  
  118  11:47  Photon Cannon  
  118  11:49  Photon Cannon  
  118  11:51  Photon Cannon  
  118  11:53  Shield Battery  
  118  11:56  Shield Battery  
  118  12:00  Shield Battery  
  118  12:02  Shield Battery  
  118  12:04  Shield Battery  
  118  12:08  Shield Battery  
  118  12:17  Immortal x2  
  122  13:19  High Templar  
  122  13:20  High Templar x3  
  122  13:21  High Templar x2  
  96  14:01  Immortal  
  96  14:02  Immortal, Void Ray  
  106  14:12  Archon x2  
  106  14:13  Archon  
  106  14:17  Stalker x2  
  106  14:18  Stalker x4  
  118  14:53  Immortal  
  118  14:54  Immortal, Void Ray  
  128  15:47  Immortal x2, Void Ray  
  140  16:04  Stalker x3  
  140  16:05  Stalker  
Show
View Real Time Build Order
Export as new Build Order

reapers Protoss - Winner!

Build Orders:  

Get SALT Encoding   

  12  0:20  Probe  
  13  0:32  Probe, Pylon  
  14  0:44  Probe  
  15  0:56  Probe  
  16  0:57  Pylon  
  16  1:07  Pylon  
  16  1:18  Gateway  
  16  1:20  Forge  
  16  1:29  Probe  
  16  1:30  Pylon  
  16  1:37  Probe  
  17  1:40  Assimilator  
  17  1:44  Assimilator  
  18  1:47  Probe  
  19  2:00  Photon Cannon  
  19  2:03  Probe  
  20  2:11  Probe  
  21  2:19  Probe  
  22  2:30  Probe  
  22  2:35  Pylon  
  23  2:42  Probe  
  23  2:43  Photon Cannon  
  24  2:48  Photon Cannon  
  24  2:57  Cybernetics Core  
  24  3:14  Photon Cannon  
  24  3:25  Pylon  
  24  3:37  Photon Cannon  
  24  3:44  Photon Cannon  
  24  3:46  Photon Cannon  
  24  3:54  Pylon  
  24  3:59  Photon Cannon  
  24  4:05  Photon Cannon  
  24  4:27  Robotics Facility  
  24  4:29  Probe  
  25  4:41  Probe  
  26  4:54  Probe  
  26  4:57  Pylon  
  27  5:02  Pylon  
  27  5:20  Pylon  
  27  5:24  Pylon  
  27  5:33  Pylon  
  27  5:43  Photon Cannon  
  27  5:54  Nexus  
  27  6:04  Photon Cannon  
  27  6:06  Photon Cannon  
  27  6:13  Pylon  
  27  6:18  Probe  
  28  6:26  Probe  
  29  6:34  Probe  
  30  6:45  Probe  
  31  6:57  Probe  
  32  7:03  Observer  
  33  7:09  Probe  
  34  7:21  Probe  
  35  7:24  Observer  
  36  7:38  Probe  
  36  7:42  Probe  
  38  7:46  Observer  
  38  7:50  Probe  
  40  7:54  Probe  
  40  7:56  Photon Cannon  
  41  7:59  Photon Cannon  
  41  8:02  Probe  
  42  8:06  Nexus  
  42  8:07  Probe, Observer  
  42  8:10  Probe  
  44  8:14  Assimilator  
  44  8:18  Probe  
  44  8:19  Probe, Assimilator  
  46  8:23  Assimilator  
  47  8:28  Probe, Assimilator  
  47  8:31  Probe  
  49  8:48  Probe  
  50  8:56  Probe  
  51  9:05  Probe  
  51  9:07  Pylon  
  52  9:10  Pylon  
  52  9:14  Pylon  
  52  9:17  Probe, Pylon  
  53  9:29  Probe  
  54  9:41  Probe  
  55  9:46  Stargate  
  55  9:49  Probe  
  55  9:59  Stargate  
  56  10:00  Stargate  
  56  10:03  Stargate  
  56  10:05  Stargate  
  56  10:09  Stargate  
  56  10:10  Protoss Shields Level 1  
  56  10:13  Protoss Air Armor Level 1  
  56  10:33  Pylon  
  56  10:41  Probe  
  57  10:49  Probe  
  58  10:53  Probe  
  58  10:54  Probe, Void Ray x2  
  58  10:55  Void Ray x2  
  60  11:01  Probe  
  60  11:04  Void Ray  
  73  11:05  Probe  
  73  11:06  Probe  
  83  11:12  Void Ray  
  83  11:13  Probe  
  83  11:17  Probe  
  89  11:18  Probe  
  89  11:25  Probe  
  91  11:29  Probe  
  91  11:30  Probe  
  93  11:37  Probe  
  94  11:42  Probe  
  94  11:46  Fleet Beacon  
  95  12:23  Void Ray x3, Protoss Air Weapons Level 1  
  95  12:24  Void Ray  
  95  12:25  Void Ray x2  
  118  13:15  Graviton Catapult  
  118  13:20  Carrier  
  118  13:21  Carrier x4  
  118  13:22  Carrier  
  150  14:17  Protoss Air Armor Level 2  
Show
View Real Time Build Order
Export as new Build Order

AmpelNordo Zerg - Winner!

Build Orders: Pool First, Zergling Baneling 

Get SALT Encoding   

  12  0:02  Drone  
  13  0:15  Drone  
  13  0:18  Overlord  
  14  0:37  Drone x2  
  14  0:38  Drone  
  17  0:42  Extractor  
  16  0:51  Spawning Pool  
  16  0:54  Drone  
  16  0:59  Drone  
  17  1:10  Drone  
  18  1:22  Overlord  
  18  1:38  Queen  
  20  1:45  Baneling Nest  
  19  1:48  Drone x2, Extractor  
  20  2:01  Metabolic Boost  
  20  2:12  Hatchery  
  19  2:17  Zergling x4  
  21  2:30  Lair  
  21  2:34  Drone  
  22  2:39  Drone  
  23  2:54  Overlord  
  23  3:15  Baneling x3  
  23  3:16  Baneling  
  23  3:23  Drone x3  
  23  3:24  Zergling x6  
  29  3:33  Centrifical Hooks  
  29  3:57  Queen  
  31  4:03  Spore Crawler  
  31  4:05  Spore Crawler  
  31  4:09  Zergling x4  
  33  4:10  Zergling x4  
  33  4:13  Baneling x2  
  33  4:14  Baneling  
  33  4:25  Baneling x3  
  33  4:27  Zergling x4  
  26  4:47  Zergling x12  
  26  4:48  Zergling x2  
  33  4:55  Zergling x2  
  34  5:04  Zergling x8  
  38  5:24  Drone x3  
  38  5:27  Overlord  
  41  5:34  Zergling x6  
  44  5:36  Overlord  
  44  5:47  Baneling x2  
  44  5:48  Baneling x4  
  44  5:50  Drone x3  
  44  5:51  Drone  
  48  6:12  Drone x3  
  48  6:14  Zergling x6  
  48  6:15  Zergling x2  
  48  6:16  Zergling x2  
  56  6:27  Overlord x2  
  48  6:51  Baneling x5  
  48  6:52  Baneling x6  
  48  6:53  Baneling  
  48  6:54  Zergling x12  
  44  6:55  Zergling x6  
  52  7:08  Zergling x6  
  52  7:09  Zergling x2  
  47  7:27  Zergling x8  
  51  7:41  Hatchery  
  50  7:44  Drone x4  
  50  7:45  Drone, Zergling x2  
  50  7:46  Evolution Chamber, Zergling x2  
  50  7:48  Evolution Chamber  
  55  8:08  Overlord x2  
  55  8:13  Overseer  
  55  8:14  Pneumatized Carapace  
  55  8:19  Zerg Melee Weapons Level 1  
  55  8:23  Zerg Ground Armor Level 1  
  55  8:34  Zergling x2  
  55  8:35  Zergling x14  
  55  8:37  Baneling x2  
  55  8:38  Baneling x6  
  55  8:39  Baneling x6  
  55  8:40  Baneling  
  63  8:58  Queen  
  66  9:02  Drone  
  66  9:03  Drone x6  
  71  9:33  Zergling x2  
  71  9:34  Zergling x20  
  82  9:42  Zergling x6  
  82  9:56  Overlord x2  
  82  9:57  Zergling x10  
  87  10:05  Overlord, Infestation Pit  
  87  10:06  Overlord  
  86  10:17  Zerg Melee Weapons Level 2  
  86  10:18  Zerg Ground Armor Level 2  
  86  10:24  Zergling x8  
  86  10:25  Zergling x12  
  78  10:47  Zergling x12  
  78  10:48  Zergling x2  
  61  10:58  Zergling x6  
  61  10:59  Zergling x16  
  61  11:03  Hive  
  72  11:16  Hatchery  
  71  11:18  Zergling x2  
  71  11:19  Zergling x8  
  71  11:20  Queen  
  79  11:32  Zergling x2  
  79  11:33  Zergling x12  
  79  11:38  Hatchery  
  79  11:39  Queen  
  86  11:46  Zergling x10  
  91  11:51  Hatchery  
  79  12:29  Zergling x30  
  96  12:30  Zergling x4  
  96  12:34  Adrenal Glands  
  96  12:35  Zerg Melee Weapons Level 3  
  96  12:36  Zerg Ground Armor Level 3  
  95  12:57  Zergling x14  
  95  12:58  Zergling x6  
  87  13:12  Zergling x10  
  87  13:13  Zergling x10  
  68  13:34  Zergling x10  
  68  13:35  Zergling x4  
  70  14:01  Hatchery  
  69  14:13  Zergling x6  
  69  14:14  Zergling x2  
  73  14:18  Overseer x2  
  73  14:22  Zergling x4  
  73  14:23  Zergling x34  
  86  14:58  Zergling x12  
  86  14:59  Zergling x16  
  92  15:18  Zergling x2  
  92  15:19  Zergling x12  
  97  15:32  Queen  
Show
View Real Time Build Order
Export as new Build Order

Hungrydog Protoss - Winner!

Build Orders:  

Get SALT Encoding   

  12  0:09  Probe  
  13  0:21  Probe  
  13  0:25  Pylon  
  14  0:33  Probe  
  15  0:36  Assimilator  
  15  0:45  Probe  
  16  0:51  Gateway  
  16  0:57  Probe  
  17  1:10  Probe  
  18  1:13  Gateway  
  18  1:18  Probe  
  19  1:26  Probe, Pylon  
  20  1:36  Probe  
  21  1:41  Cybernetics Core  
  21  1:48  Zealot  
  21  1:53  Probe  
  24  1:57  Assimilator  
  24  2:01  Zealot  
  26  2:09  Warp Gate  
  26  2:10  Probe  
  26  2:15  Zealot  
  30  2:22  Probe  
  30  2:40  Pylon  
  30  2:48  Twilight Council  
  30  2:50  Probe  
  30  2:58  Probe, Stalker  
  31  3:02  Stalker  
  36  3:08  Charge  
  36  3:14  Probe  
  36  3:17  Pylon  
  37  3:23  Forge  
  37  3:28  Stalker  
  39  3:35  Zealot  
  41  3:48  Probe, Protoss Ground Weapons Level 1  
  42  4:00  Probe  
  42  4:02  Photon Cannon  
  43  4:05  Pylon  
  43  4:19  Stalker x2  
  47  4:37  Gateway  
  47  4:39  Gateway  
  47  4:42  Pylon  
  47  4:49  Stalker, Zealot  
  51  5:16  Zealot  
  51  5:17  Zealot  
  55  5:24  Blink  
  55  5:28  Forge  
  55  5:30  Pylon  
  55  5:38  Zealot x2  
  55  5:42  Protoss Ground Armor Level 1  
  59  6:00  Photon Cannon  
  59  6:13  Zealot  
  59  6:14  Stalker x2  
  59  6:15  Zealot  
  67  6:53  Protoss Ground Weapons Level 2  
  65  7:01  Stalker x2  
  63  7:02  Zealot x2  
  67  7:26  Nexus  
  67  7:30  Pylon  
  67  7:38  Protoss Shields Level 1  
  67  7:45  Robotics Facility  
  67  7:50  Robotics Facility  
  67  8:14  Zealot  
  67  8:17  Zealot  
  71  8:36  Zealot  
  71  8:39  Zealot  
  75  8:45  Probe  
  76  8:53  Observer  
  77  8:58  Probe  
  78  9:05  Zealot x2  
  78  9:06  Probe  
  78  9:08  Sentry  
  84  9:10  Sentry  
  84  9:15  Assimilator  
  87  9:18  Probe  
  87  9:19  Assimilator  
  88  9:30  Probe  
  89  9:34  Zealot x2  
  93  9:39  Pylon  
  93  9:41  Pylon  
  93  9:42  Pylon  
  93  9:46  Probe  
  94  9:55  Probe, Protoss Ground Weapons Level 3  
  94  9:59  Stalker  
  97  10:00  Stalker  
  97  10:01  Sentry  
  97  10:02  Sentry  
  97  10:03  Protoss Ground Armor Level 2  
  97  10:04  Probe  
  70  10:42  Zealot  
  70  10:43  Zealot x3  
  70  10:46  Probe  
  79  10:54  Probe  
  80  11:07  Robotics Bay  
  80  11:10  Pylon  
  80  11:11  Pylon  
  80  11:18  Zealot  
  80  11:19  Zealot x2  
  80  11:20  Zealot  
  88  11:45  Zealot x2  
  88  11:46  Zealot x2  
  96  11:55  Extended Thermal Lance  
  96  12:00  Colossus  
  102  12:01  Colossus  
  108  12:12  Zealot x2  
  108  12:13  Zealot x2  
  88  12:59  Stalker x3  
  88  13:00  Stalker, Protoss Ground Armor Level 3  
  88  13:05  Colossus  
  94  13:06  Colossus  
  103  13:52  Zealot  
  103  13:53  Zealot x3  
  95  14:09  Colossus  
  93  14:16  Observer  
  78  14:31  Zealot x3  
  78  14:32  Zealot  
  84  14:55  Stalker x4  
  92  15:23  Stalker  
  92  15:24  Stalker x3  
  100  15:44  Colossus  
  106  16:12  Pylon  
  112  16:39  Zealot x2  
  116  16:40  Zealot  
Tags
 
Add a new tag
Caveats
  • Supply blocks, unpowered buildings, or Contaminate may cause inaccurate times.
  • Supply counts are checked every 10 seconds.